 Dungeon Crawl Stone Soup version 0.28-a0-773-g130ae17fe5 (webtiles) character file.

Game seed: 5942983378094567301

14 cheechan the Skirmisher (level 2, -2/28 HPs)
             Began as a Naga Fighter on Nov 1, 2021.
             Slain by a kobold (5 damage)
             ... on level 1 of the Dungeon.
             The game lasted 00:01:38 (409 turns).

cheechan the Skirmisher (Naga Fighter)               Turns: 409, Time: 00:01:38

Health: -2/28      AC:  4    Str: 18    XL:     2   Next: 41%
Magic:  2/2        EV:  7    Int:  8    God:
Gold:   25         SH:  4    Dex: 10    Spells: 1/1 levels left

rFire   . . .      SeeInvis +   a - +0 trident
rCold   . . .      Faith    .   c - +0 buckler
rNeg    . . .      Spirit   .   b - +0 scale mail
rPois   +          Reflect  .   (no helmet)
rElec   .          Harm     .   (no cloak)
rCorr   .          Rampage  .   (no gloves)
Will    .....                   (no barding)
Stlth   ..........              (no amulet)
HPRegen 0.09/turn               (no ring)
MPRegen 0.08/turn               (no ring)

@: short of breath, very slow
A: AC +0, large, see invisible, deformed body, poison resistance, slowness 2,
spit poison 1, naga tail 1
a: Spit Poison


You were on level 1 of the Dungeon.
You visited 1 branch of the dungeon, and saw 1 of its levels.

You collected 25 gold pieces.

Inventory:

Hand Weapons
 a - a +0 trident (weapon)
Missiles
 e - 5 stones
Armour
 b - a +0 scale mail (worn)
 c - a +0 buckler (worn)
Potions
 d - a potion of might
 f - 2 potions of flight


   Skills:
 + Level 3.2 Fighting
 + Level 2.2 Polearms
 + Level 2.6 Armour
 + Level 2.5 Shields


You had one spell level left.
You didn't know any spells.
Your spell library was empty.

Dungeon Overview and Level Annotations

Branches:
Dungeon (1/15)

Altars:

Shops:
D:1 *


Innate Abilities, Weirdness & Mutations

Your serpentine skin is tough. (AC +0)
You have supernaturally acute eyesight. (SInv)
Armour fits poorly on your strangely shaped body.
Your system is resistant to poisons. (rPois)
You cover ground very slowly.
You can spit poison.
You have a snake-like lower body.


Message History

The ball python bites you.
There is an open door here.
You closely miss the ball python.
You have got your breath back.
The ball python bites you. The ball python barely misses you.
You barely miss the ball python.
The ball python bites you but does no damage.
You hit the ball python.
You kill the ball python!
You closely miss the rat. The rat closely misses you.
You puncture the rat!
You kill the rat!
You see here a rat corpse.
You see here a rat corpse.
You now have 25 gold pieces (gained 11).
Found 12 bolts.
A hobgoblin comes into view.
A kobold comes into view. It is wielding a +0 short sword.
A bat comes into view.
The bat moves out of view.
Found a stone staircase leading down.
The kobold hits you with a +0 short sword.
You closely miss the kobold. You block the kobold's attack.
You closely miss the kobold.
The kobold hits you with a +0 short sword.
* * * LOW HITPOINT WARNING * * *
The hobgoblin hits you but does no damage.
The kobold hits you with a +0 short sword.
* * * LOW HITPOINT WARNING * * *
Okay, then.
You aren't carrying any scrolls.
Abil: Spit Poison
Press: ? - help, Q - select action, (/) - cycle Shift-Dir - straight line, f - kobold
Aim: a kobold, wielding a +0 short sword and quivering stones The splash of poison misses the kobold.
The splash of poison hits the bat.
The bat is poisoned.
You kill the bat!
The hobgoblin barely misses you.
The kobold hits you with a +0 short sword.
You die...

#...#......,,,,,,*
#...#........>...*
####...#..#........#*
...'...'.>#........##
####...##.........(.#
#......###..........#
..###'##..#,,.,.†..#*
.,* #†##..##,,*#Kg#*
,,* #†.....#####@.#
,,* #.............#
,,**#...........###
,,,*#..###.###..#
*,,....##...##..#
,,.##..#.....#..#
,.,,.........#..#
,,,....#.....#.##
*,*,,..##...##.#


You could see a hobgoblin and a kobold.

Vanquished Creatures
  A dart slug (D:1)
  2 bats (D:1)
  A giant cockroach (D:1)
  2 goblins (D:1)
  4 ball pythons (D:1)
  A kobold (D:1)
  2 rats (D:1)
13 creatures vanquished.

Vanquished Creatures (others)
  A plant (D:1)
1 creature vanquished.

Grand Total: 14 creatures vanquished

Notes
Turn   | Place    | Note
-------+----------+-------------------------------------------
     0 | D:1      | cheechan the Naga Fighter began the quest for the Orb.
     0 | D:1      | Reached XP level 1. HP: 21/21 MP: 1/1
   250 | D:1      | Reached XP level 2. HP: 20/28 MP: 2/2
   292 | D:1      | Found Waotamn's General Store.
   409 | D:1      | Slain by a kobold

Illustrated notes

Levels and vault maps discovered:
D:1:      kennysheep_arrival_seaside, layout_basic,
          hellmonk_ecumenical_altar_blasted, serial_shops,
          nicolae_shop_statue_plus, st_stairs_5, minmay_misc_feat_hallway,
          serial_park_tiny_2, minmay_misc_feat_enclosed

Action                   || total
-------------------------++-------
Melee: Trident           ||    51
 Abil: Spit Poison       ||     2
  Use: Scroll            ||     4
Armor: Scale mail        ||    30
Dodge: Dodged            ||    20
Block: Buckler           ||    12

Table legend: (Time is in decaauts)
 A = Elapsed time spent in this place.
 B = Non-inter-level travel time spent in this place.
 C = Inter-level travel time spent in this place.
 D = Time resting spent in this place.
 E = Time spent auto-exploring this place.
 F = Levels seen in this place.
 G = Mean time per level.
                   A        B        C        D        E       F      G
               +--------+--------+--------+--------+--------+-----+--------+
         Total |    552 |    552 |      0 |      0 |      0 |   1 |  552.0 |
       Dungeon |    552 |    552 |      0 |      0 |      0 |   1 |  552.0 |
               +--------+--------+--------+--------+--------+-----+--------+

Top non-repeatable levels by time:
     D:1: 552 daAuts
